 Dungeon Crawl Stone Soup version 0.30-a0-358-g0d69a1922f (webtiles) character file.

Game seed: 16576595877576041361

220 IdlyInterested the Slasher (level 5, -1/40 HPs)
             Began as a Demonspawn Wanderer on Nov 9, 2022.
             Slain by Pikel
             ... wielding a +1 whip of flaming
              (5 damage)
             ... on level 4 of the Dungeon.
             The game lasted 00:11:33 (2572 turns).

IdlyInterested the Slasher (Demonspawn Wanderer)    Turns: 2572, Time: 00:11:33

Health: -1/40      AC:  8    Str: 11    XL:     5   Next: 64%
Magic:  5/5        EV:  8    Int: 14    God:
Gold:   157        SH:  3    Dex: 15    Spells: 4/4 levels left

rFire   . . .      SeeInvis .    a - +3 falchion
rCold   . . .      Faith    .    s - +0 buckler
rNeg    . . .      Spirit   .    n - +1 scale mail
rPois   .          Reflect  .    (helmet restricted)
rElec   .          Harm     .    (no cloak)
rCorr   .          Rampage  .    (no gloves)
Will    .....                    (no boots)
Stlth   ..........               t - amulet of regeneration
HPRegen 1.06/turn                (no ring)
MPRegen 0.09/turn                (no ring)

@: mighty
A: antennae 1, hooves 1, powered by pain 1, spiny 1
a: no special abilities


You were on level 4 of the Dungeon.
You visited 1 branch of the dungeon, and saw 4 of its levels.

You collected 157 gold pieces.

Inventory:

Hand Weapons
 a - a +3 falchion (weapon)
 f - a +0 short sword
 l - a +0 trident
 m - a +0 broad axe
 y - a +0 morningstar
Missiles
 q - 6 javelins (quivered)
 B - 4 silver boomerangs
Armour
 c - a +0 ring mail
 h - a +0 leather armour
 n - a +1 scale mail (worn)
 s - a +0 buckler (worn)
 x - a +0 chain mail
Magical Staves
 g - a staff of conjuration
Jewellery
 t - an amulet of regeneration (around neck)
Wands
 v - a wand of flame (35)
Scrolls
 b - a scroll of butterflies
 p - a scroll of enchant armour
 u - a scroll of brand weapon {unknown}
 w - a scroll of magic mapping {unknown}
 z - 2 scrolls of identify {unknown}
Potions
 d - a potion of curing
 e - a potion of berserk rage {unknown}
 i - a potion of degeneration {unknown}
 k - a potion of mutation {unknown}
 o - a potion of lignification
 r - a potion of magic {unknown}
 A - a potion of heal wounds {unknown}


   Skills:
 * Level 2.9 Fighting
 + Level 5.2 Long Blades
 - Level 1.0 Ranged Weapons
 - Level 4.0 Armour
 - Level 1.0 Stealth
 - Level 1.0 Evocations


You had 4 spell levels left.
You didn't know any spells.
Your spell library contained the following spells:

 Spells                   Type           Power      Damage    Failure   Level
 Magic Dart               Conj           0%         1d3       91%         1
 Necrotise                Necr           0%         1d4       91%         1
 Searing Ray              Conj           0%         2d4       97%         2
 Vampiric Draining        Necr           0%         2d6       99%         3
 Fulminant Prism          Conj/Hex       0%         3d5       100%        4
 Agony                    Necr           0%         N/A       100%        5


Dungeon Overview and Level Annotations

Branches:
Dungeon (4/15)
 Temple: D:4-7

Altars:

Shops:
D:1 =

Annotations:
D:4 Pikel


Innate Abilities, Weirdness & Mutations

You have a pair of small antennae on your head.
You have large cloven feet.
You sometimes gain a little power by taking damage.
You are partially covered in sharp spines.


Message History

There is a stone staircase leading up here.
The lemure attacks as you move away! The lemure hits you.
A lemure comes into view.
The lemure shouts!
You hear a shout!
A lemure comes into view.
The scorpion barely misses you. The scorpion attacks as you move away!
The scorpion barely misses you. You block the scorpion's attack.
You closely miss the scorpion. Your kick misses the scorpion.
The scorpion is struck by your spines. The scorpion closely misses you.
You hit the scorpion.
The scorpion is severely wounded.
The scorpion stings you.
You slash the scorpion!
You kill the scorpion!
Training target 1.0 for Evocations reached!
Your Evocations skill increases to level 1!
You miss something. Something hits you! Something burns you.
You closely miss something. Your kick misses something. Something hits you.
Something burns you.
You hit something but do no damage. Your kick misses something.
Something hits you! Something burns you.
You barely miss something. Your kick misses something. Something hits you.
Something burns you. Something hits you.
* * * LOW HITPOINT WARNING * * *
Something burns you.
* * * LOW HITPOINT WARNING * * *
You feel better. You block something's attack.
You block the lemure's attack. x2
You feel very mighty all of a sudden. Something hits you.
* * * LOW HITPOINT WARNING * * *
Something burns you.
* * * LOW HITPOINT WARNING * * *
The lemure is struck by your spines. The lemure hits you.
* * * LOW HITPOINT WARNING * * *
The lemure completely misses you.
You feel better. Something hits you!
* * * LOW HITPOINT WARNING * * *
Something burns you.
You die...

#.. # #..# . #..# .# #.
...... #..# #.#...
...... #..###....#. #
..... #..5.5......
#.#...# #.#@#
..###.#...## #.{##
..........# ###.#{##
#..#..... ##.....5##
#.{.)....
#.<.....5.......##)##.#
#............. #<#
#..>...####.# #.#
#......# # #.# ...#####
#..


You could see 2 lemures.

Vanquished Creatures
  A scorpion (D:4)
  An orc priest (D:4)
  Robin (D:3)
  4 adders
  A worm (D:3)
  A dart slug (D:1)
  7 orcs
  5 endoplasms (D:1)
  3 giant cockroaches
  11 hobgoblins
  8 ball pythons
  9 bats
  5 frilled lizards
  9 goblins
  3 kobolds
  9 rats
78 creatures vanquished.

Notes
Turn   | Place    | Note
-------+----------+-------------------------------------------
     0 | D:1      | IdlyInterested the Demonspawn Wanderer began the quest for
                  | the Orb.
     0 | D:1      | IdlyInterested set off with the following items: a +2
                  | falchion, a +0 sling, a +0 ring mail, a potion of curing.
     0 | D:1      | Reached XP level 1. HP: 15/15 MP: 1/1
    35 | D:1      | Discovered your monstrous ancestry.
    35 | D:1      | Gained mutation: You have a pair of small antennae on your
                  | head. [demonic ancestry]
    35 | D:1      | Reached XP level 2. HP: 18/21 MP: 2/2
    94 | D:1      | Found Bol Egiu's Jewellery Boutique.
   544 | D:1      | Reached skill level 4 in Long Blades
   618 | D:1      | Gained mutation: You have large cloven feet. [demonic
                  | ancestry]
   618 | D:1      | Reached XP level 3. HP: 26/26 MP: 3/3
  1643 | D:3      | Noticed Robin
  1767 | D:3      | Gained mutation: You are partially covered in sharp spines.
                  | [demonic ancestry]
  1767 | D:3      | Reached XP level 4. HP: 33/33 MP: 4/4
  1847 | D:3      | Reached skill level 1 in Stealth
  1885 | D:3      | Killed Robin
  2502 | D:4      | Reached skill level 5 in Long Blades
  2502 | D:4      | Gained mutation: You sometimes gain a little power by
                  | taking damage. [demonic ancestry]
  2502 | D:4      | Reached XP level 5. HP: 33/39 MP: 5/5
  2502 | D:4      | Noticed a lemure
  2558 | D:4      | Noticed Pikel
  2558 | D:4      | Noticed a lemure
  2559 | D:4      | Noticed a lemure
  2559 | D:4      | Noticed a lemure
  2566 | D:4      | Reached skill level 1 in Evocations
  2572 | D:4      | Slain by Pikel

Illustrated notes

Levels and vault maps discovered:
D:1:      psy_arrival_radial01, layout_basic, serial_shops, nicolae_square_shop,
          minmay_tetromino_l4
D:2:      layout_basic
D:3:      layout_loops_ring, uniq_robin
D:4:      layout_loops_ring, uniq_pikel, uniq_crazy_yiuf_cottage, uniq_menkaure

Skill      XL: |  1  2  3  4  5 |
---------------+----------------+-----
Armour         | 4 |  4.0
Long Blades    | 4 5 |  5.2
Stealth        | 1 |  1.0
Fighting       | 2 |  2.9
Evocations     | 1 |  1.0
Ranged Weapons | |  1.0

Action                   |  1- 3 |  4- 6 || total
-------------------------+-------+-------++-------
Melee: Falchion          |   110 |    59 ||   169
       Kick              |     9 |    13 ||    22
  Use: Scroll            |     6 |       ||     6
       Potion            |     2 |     3 ||     5
Armor: Ring mail         |    22 |       ||    22
       Scale mail        |    31 |    13 ||    44
Dodge: Dodged            |    48 |    22 ||    70
Block: Buckler           |     6 |    11 ||    17

Table legend: (Time is in decaauts)
 A = Elapsed time spent in this place.
 B = Non-inter-level travel time spent in this place.
 C = Inter-level travel time spent in this place.
 D = Time resting spent in this place.
 E = Time spent auto-exploring this place.
 F = Levels seen in this place.
 G = Mean time per level.
                   A        B        C        D        E       F      G
               +--------+--------+--------+--------+--------+-----+--------+
         Total |   2593 |   2224 |    369 |     30 |   1555 |   4 |  648.2 |
       Dungeon |   2593 |   2224 |    369 |     30 |   1555 |   4 |  648.2 |
               +--------+--------+--------+--------+--------+-----+--------+

Top non-repeatable levels by time:
     D:1: 1050 daAuts
     D:3: 834 daAuts
     D:2: 652 daAuts
     D:4: 55 daAuts
